 Seeded DCSS version 0.28.0-62-gf88900778d (webtiles) character file.

Game seed: 9115114098045787182 (custom seed)

240 cbfl8 the Chopper (level 5, 0/42 HPs)
             Began as a Demonspawn Berserker on July 6, 2023.
             Was a Believer of Trog.
             Slain by an orc
             ... wielding a +0 trident
              (5 damage)
             ... on level 4 of the Dungeon.
             The game lasted 00:02:19 (2682 turns).

cbfl8 the Chopper (Demonspawn Berserker)            Turns: 2682, Time: 00:02:20

Health: 0/42       AC: 14    Str: 18    XL:     5   Next: 79%
Magic:  5/5        EV:  2    Int:  8    God:    Trog [**....]
Gold:   94         SH:  0    Dex: 16    Spells: 4/4 levels left

rFire   + . .      SeeInvis .   a - +1 hand axe
rCold   + . .      Faith    .   (no shield)
rNeg    . . .      Spirit   .   e - +0 gold dragon scales
rPois   +          Reflect  .   (no helmet)
rElec   .          Harm     .   (no cloak)
rCorr   .          Rampage  .   d - +0 pair of gloves
Will    .....                   (no boots)
Stlth   ..........              (no amulet)
HPRegen 0.14/turn               (no ring)
MPRegen 0.09/turn               (no ring)

@: no status effects
A: thin skeletal structure 1, weakness stinger 1
a: Renounce Religion, Berserk, Trog's Hand


You were on level 4 of the Dungeon.
You worshipped Trog.
Trog was pleased with you.
You visited 1 branch of the dungeon, and saw 4 of its levels.

You collected 94 gold pieces.

Inventory:

Hand Weapons
 a - a +1 hand axe (weapon)
Armour
 d - a +0 pair of gloves (worn)
 e - +0 gold dragon scales (worn)
Scrolls
 f - 2 scrolls of enchant weapon
 g - a scroll of noise
 h - a scroll of teleportation {unknown}
Potions
 b - 3 potions of curing
 c - a potion of cancellation
 i - a potion of resistance {unknown}
 k - a potion of lignification {unknown}


   Skills:
 + Level 3.8 Fighting
 + Level 4.4 Axes
 * Level 3.1 Armour
 - Level 1.7 Dodging
 * Level 2.0 Evocations


You had 4 spell levels left.
You didn't know any spells.
Your spell library was empty.

Dungeon Overview and Level Annotations

Branches:
Dungeon (4/15)
 Temple: D:4-7

Altars:


Innate Abilities, Weirdness & Mutations

You have a somewhat thin skeletal structure. (Dex +2, Stealth+)
You have a small tail.


Message History

You hit the orc but do no damage.
The orc is almost dead.
You barely miss the ball python.
The orc hits you from afar with a +0 trident.
The ball python bites you but does no damage.
The ball python constricts you.
You barely miss the orc.
You tail-slap the orc, but do no damage.
The orc is almost dead.
You hit the ball python.
You kill the ball python!
Trog accepts your kill.
You recover from your berserk rage.
The orc hits you but does no damage.
Found 17 gold pieces.
The orc hits you with a +0 trident.
You hit the orc but do no damage.
The orc is almost dead.
You hit the orc. The orc hits you but does no damage. x2
You barely miss the orc.
The orc is almost dead.
You hit the orc but do no damage. The orc hits you but does no damage.
The orc hits you with a +0 trident.
* * * LOW HITPOINT WARNING * * *
The orc completely misses you.
You hit the orc.
You kill the orc!
Trog accepts your kill.
You closely miss the orc. The orc hits you with a +0 trident.
* * * LOW HITPOINT WARNING * * *
The orc hits you but does no damage.
You barely miss the orc. The orc hits you with a +0 trident.
* * * LOW HITPOINT WARNING * * *
You hit the orc.
The orc is heavily wounded.
The orc hits you but does no damage.
You hit the orc.
You tail-slap the orc, but do no damage.
The orc is almost dead.
The orc hits you with a +0 trident.
You die...

.#......#
#.....##
####..##
#..##..# .
#.## #. #.##
..# #.# # # #.
....#
#.#######.# #.
#>..#.........
..
#...##.....#
># ###..).####
###@.# #.o#
....# .##.|..
.. ..... ..
......$ ...
####### ...


You could see an orc.

Vanquished Creatures
  The ghost of cbfl8 the Poker, a weakling MfGl (D:3)
  An orc priest (D:4)
  Jessica (D:3)
  An orc wizard (D:4)
  3 adders (D:2)
  A worm (D:3)
  3 dart slugs
  6 orcs (D:4)
  7 endoplasms
  4 giant cockroaches
  7 goblins
  3 hobgoblins
  4 jackals
  4 quokkas
  8 ball pythons
  9 bats
  5 frilled lizards
  6 kobolds
  3 rats (D:1)
77 creatures vanquished.

Notes
Turn   | Place    | Note
-------+----------+-------------------------------------------
     0 | D:1      | cbfl8 the Demonspawn Berserker began the quest for the Orb.
     0 | D:1      | Reached XP level 1. HP: 18/18 MP: 1/1
    18 | D:1      | Gained mutation: You have a small tail. [demonic ancestry]
    18 | D:1      | Reached XP level 2. HP: 4/24 MP: 2/2
   250 | D:1      | Reached skill level 3 in Axes
   380 | D:1      | You fall into a shaft and drop 1 floor!
   491 | D:1      | Reached skill level 1 in Evocations
   688 | D:1      | Gained mutation: You have a somewhat thin skeletal
                  | structure. (Dex +2, Stealth+) [demonic ancestry]
   688 | D:1      | Reached XP level 3. HP: 29/29 MP: 3/3
   723 | D:1      | Reached ** piety under Trog
  1000 | D:2      | Reached XP level 4. HP: 35/35 MP: 4/4
  1631 | D:2      | Found a faded altar of an unknown god.
  1855 | D:3      | Found a runed translucent door.
  1855 | D:3      | Noticed cbfl8's ghost (weakling MfGl)
  1926 | D:3      | Noticed Jessica
  1935 | D:3      | Killed Jessica
  2568 | D:3      | Killed cbfl8's ghost
  2569 | D:3      | Reached skill level 4 in Axes
  2569 | D:3      | Reached XP level 5. HP: 42/42 MP: 5/5
  2682 | D:4      | Slain by an orc

Illustrated notes

Levels and vault maps discovered:
D:1:      heliophobic_arrival_henge, layout_rooms, minmay_heptomino_d4
D:2:      layout_loops_ring, chequers_ecumenical_altar_grove,
          nicolae_underground_beach
D:3:      layout_loops_ring, hellmonk_ghost_happy_afterlife, uniq_jessica
D:4:      layout_rooms, temple_fountains, uniq_menkaure

Skill      XL: |  1  2  3  4  5 |
---------------+----------------+-----
Axes           | 3 4 |  4.4
Evocations     | 1 2 |  2.0
Armour         | 2 3 |  3.1
Fighting       | |  3.8
Dodging        | |  1.7

Action                   |  1- 3 |  4- 6 || total
-------------------------+-------+-------++-------
Melee: Hand axe          |    94 |   103 ||   197
       Tailslap          |     8 |    16 ||    24
       Punch             |     1 |       ||     1
Invok: Berserk           |     1 |     2 ||     3
  Use: Scroll            |     3 |     2 ||     5
Armor: Animal skin       |    11 |       ||    11
       Gold dragon scale |    90 |    93 ||   183
Dodge: Dodged            |    23 |    12 ||    35
